 Dungeon Crawl Stone Soup version 0.22-a0-848-ge9e22a0 (webtiles) character file.

688 Leszczynek the Cutter (level 7, 0/43 HPs)
             Began as a Deep Elf Monk on July 26, 2018.
             Was a Follower of Kikubaaqudgha.
             Slain by a centaur (7 damage)
             ... on level 7 of the Dungeon.
             The game lasted 00:23:09 (4639 turns).

Leszczynek the Cutter (Deep Elf Monk)               Turns: 4639, Time: 00:23:11

Health: 0/43       AC:  5    Str:  8    XL:     7   Next: 36%
Magic:  9/9        EV: 15    Int: 17    God:    Kikubaaqudgha [*.....]
Gold:   144        SH:  0    Dex: 17    Spells: 2/6 levels left

rFire    . . .     SeeInvis .   a - +0 short sword
rCold    . . .     Gourm    .   (no shield)
rNeg     . . .     Faith    .   b - +0 robe
rPois    .         Spirit   .   h - +1 helmet
rElec    .         Reflect  .   (no cloak)
rCorr    .         Harm     .   m - +0 pair of gloves
MR       .....                  (no boots)
Stlth    ++........             (no amulet)
HPRegen  0.14/turn              j - ring of wizardry
MPRegen  0.11/turn              (no ring)

@: no status effects
A: no striking features
a: Receive Corpses, Renounce Religion


You were on level 7 of the Dungeon.
You worshipped Kikubaaqudgha.
Kikubaaqudgha was aware of your devotion.
You were not hungry.

You visited 2 branches of the dungeon, and saw 8 of its levels.

You collected 144 gold pieces.

Inventory:

Hand Weapons
 a - a +0 short sword (weapon)
Missiles
 e - 54 bolts
 l - 129 stones (quivered)
 o - 14 sling bullets
Armour
 b - a +0 robe (worn)
 h - a +1 helmet (worn)
 m - a +0 pair of gloves (worn)
Magical Staves
 n - an uncursed staff of air
 q - an uncursed staff of energy
Jewellery
 j - a ring of wizardry (left hand)
 k - an uncursed ring of fire
Scrolls
 f - a scroll of enchant weapon {unknown}
 g - a scroll of remove curse {@r2}
 p - a scroll of amnesia
 r - a scroll of identify {unknown}
Potions
 c - a potion of brilliance
Comestibles
 d - 5 rations
 i - 2 chunks of flesh


   Skills:
 - Level 4.0 Fighting
 - Level 6.5 Short Blades
 - Level 5.1 Dodging
 - Level 3.0 Stealth
 * Level 2.4 Necromancy


You had 2 spell levels left.
You knew the following spells:

 Your Spells              Type           Power        Failure   Level  Hunger
a - Animate Skeleton      Necr           N/A          3%          1    ##.....
b - Vampiric Draining     Necr           #.........   11%         3    ####...

Your spell library contained the following spells:

 Spells                   Type           Power        Failure   Level  Hunger
 Pain                     Necr           #...         3%          1    ##.....
 Sublimation of Blood     Necr           #.........   5%          2    ###....


Dungeon Overview and Level Annotations

Branches:
Dungeon (7/15)             Temple (1/1) D:6

Altars:
Ashenzari
Cheibriados
Dithmenos
Elyvilon
Fedhas
Gozag
Kikubaaqudgha
Makhleb
Nemelex Xobeh
Okawaru
Qazlal
Ru
Sif Muna
Trog
Uskayaw
Vehumet
Wu Jian
Xom
Yredelemnul
Zin
The Shining One

Shops:
D:5 *

Annotations:
D:2 Natasha
D:3 1 runed door, Sigmund; biddum's ghost, amateur TrFi
D:5 Eustachio; Menkaure; Prince Ribbit


Message History

The centaur is severely wounded.
The centaur hits you but does no damage.
You hit the centaur but do no damage.
The centaur is severely wounded.
The centaur completely misses you.
You hit the centaur.
The centaur is almost dead.
The centaur hits you but does no damage.
You hit the centaur but do no damage.
The centaur is almost dead.
The centaur hits you. x2
You hit the centaur but do no damage.
The centaur is almost dead.
The centaur hits you.
* * * LOW HITPOINT WARNING * * *
You closely miss the centaur.
The centaur is almost dead.
The centaur hits you!
You die...
Kikubaaqudgha rasps: "You have failed me!
Welcome... death!"

## .# .# .# #. .#
..## .# ..#. .#
.....############.#
..........<.....@.#
. %.###..#######c#
#.. .# #.. .. #.#
... #. .#.# #. .#.#
#. .#.#


You could see a centaur.

Vanquished Creatures
  A bullfrog (D:6)
  A scorpion (D:5)
  2 howler monkeys
  2 crimson imps
  A jelly (D:5)
  2 bullfrog skeletons
  3 hounds
  An orc wizard (D:5)
  An iguana (D:5)
  3 worker ants
  A hound skeleton (D:5)
  A worker ant zombie (D:6)
  A howler monkey skeleton (D:5)
  5 adders
  4 adder skeletons
  A worm (D:4)
  A dart slug (D:3)
  3 orcs
  3 bats
  3 giant cockroaches
  2 goblins
  3 hobgoblins
  5 jackals (D:6)
  3 kobolds
  A quokka (D:4)
  3 frilled lizards
  2 rats
59 creatures vanquished.

Vanquished Creatures (others)
  12 toadstools (D:7)
  2 withered plants (D:3)
14 creatures vanquished.

Grand Total: 73 creatures vanquished

Notes
Turn   | Place    | Note
-------+----------+-------------------------------------------
     0 | D:1      | Leszczynek the Deep Elf Monk began the quest for the Orb.
     0 | D:1      | Reached XP level 1. HP: 13/13 MP: 3/3
     3 | D:1      | Noticed a ghoul
    16 | D:1      | Noticed an elf
   228 | D:1      | Reached XP level 2. HP: 9/18 MP: 4/4
   248 | D:2      | Found a sparkling altar of Nemelex Xobeh.
   286 | D:2      | Noticed Natasha
   437 | D:3      | Found a runed door.
   437 | D:3      | Noticed biddum's ghost (amateur TrFi)
   457 | D:3      | HP: 2/18 [dart slug/slug dart (4)]
   641 | D:3      | Noticed Sigmund
   773 | D:3      | Reached skill level 4 in Short Blades
   784 | D:3      | Reached XP level 3. HP: 13/22 MP: 5/5
   974 | D:4      | Reached skill level 5 in Short Blades
   974 | D:4      | Reached XP level 4. HP: 10/27 MP: 6/6
  1309 | D:4      | Reached skill level 3 in Fighting
  1456 | D:4      | Found a glowing drain.
  1524 | D:5      | Entered Level 5 of the Dungeon
  1525 | D:5      | Reached XP level 5. HP: 32/32 MP: 7/7
  1685 | D:6      | Found a staircase to the Ecumenical Temple.
  1689 | D:6      | Noticed an ogre
  1720 | D:6      | Reached skill level 4 in Dodging
  1724 | D:6      | Noticed an ice beast
  1757 | D:5      | Reached XP level 6. HP: 19/37 MP: 8/8
  1760 | D:5      | Noticed Prince Ribbit
  1920 | D:5      | HP: 5/37 [howler monkey (3)]
  2121 | D:5      | Found Gozag's Platinum Reserve.
  2121 | D:5      | Found an opulent altar of Gozag.
  2174 | D:5      | Reached skill level 6 in Short Blades
  2688 | D:5      | Noticed Eustachio
  3179 | D:5      | Reached skill level 3 in Stealth
  3212 | D:6      | Noticed a sky beast
  3318 | D:6      | Reached skill level 5 in Dodging
  3318 | D:6      | Reached XP level 7. HP: 42/42 MP: 9/9
  3335 | D:6      | HP: 7/42 [bullfrog (6)]
  3571 | D:5      | Noticed Menkaure
  3895 | Temple   | Entered the Ecumenical Temple
  3896 | Temple   | T E M P L E
  3926 | Temple   | Became a worshipper of Kikubaaqudgha
  3926 | Temple   | Reached * piety under Kikubaaqudgha
  3926 | Temple   | Identified Kikubaaqudgha's Almanac of Stolen Souls {god gift} (Kikubaaqudgha gifted it to you in the Ecumenical Temple)
  3926 | Temple   | Received a gift from Kikubaaqudgha
  3926 | Temple   | Reached ** piety under Kikubaaqudgha
  3930 | Temple   | Learned a level 1 spell: Animate Skeleton
  3934 | Temple   | Learned a level 3 spell: Vampiric Draining
  4177 | D:6      | Reached skill level 4 in Fighting
  4177 | D:6      | Reached skill level 1 in Necromancy
  4178 | D:6      | dieeeeeeee
  4178 | D:6      | sdfsdfsdfsdfds
  4349 | D:4      | aaaand back here
  4350 | D:4      | Reached skill level 2 in Necromancy
  4638 | D:7      | HP: 7/43 [centaur (6)]
  4639 | D:7      | Slain by a centaur

Vault maps used:
D:1:      shiori_arrival_whats_in_store_for_you, st_stairs_8
D:2:      lemuel_crystal_altar, nemelex_xobeh_ov_fountains_minmay, uniq_natasha
D:3:      kennysheep_big_flooded_room, serial_glass, glass_columns_b,
          glass_columns_c, gammafunk_ghost_grave, kennysheep_doodads,
          uniq_sigmund, uniq_ijyb, uniq_robin
D:4:      cheibrodos_sewer_entry_bend, st_stairs_5, uniq_crazy_yiuf_cottage
D:5:      first_ration, nicolae_gozag_zags_fifth_avenue, uniq_menkaure,
          uniq_eustachio, uniq_prince_ribbit1
D:6:      minmay_temple_entry_large_hall, nicolae_ossuary_entry_false_entrances,
          lightli_minifort
D:7:      hangedman_decor_points, tgw_fedhas, uniq_pikel
Temple:   dpeg_three_leaves_temple

Skill      XL: |  1  2  3  4  5  6  7 |
---------------+----------------------+-----
Short Blades   | 4 5 6 |  6.5
Fighting       | 3 4 |  4.0
Dodging        | 4 5 |  5.1
Stealth        | 3 |  3.0
Necromancy     | 2 |  2.4

Action                   |  1- 3 |  4- 6 |  7- 9 || total
-------------------------+-------+-------+-------++-------
Melee: Short sword       |   105 |   279 |   215 ||   599
Throw: Stone             |     1 |    15 |     4 ||    20
 Cast: Animate Skeleton  |       |       |     8 ||     8
Invok: Receive Corpses   |       |       |     3 ||     3
  Use: Potion            |     5 |     7 |       ||    12
       Scroll            |       |     6 |     2 ||     8
 Stab: Sleeping          |     2 |     3 |       ||     5
       Distracted        |       |       |     1 ||     1
  Eat: Chunk             |     1 |     4 |     4 ||     9
       Ration            |       |     2 |     1 ||     3
Armor: Robe              |    16 |    33 |    35 ||    84
       Skin              |       |    26 |       ||    26
Dodge: Dodged            |    63 |   160 |   111 ||   334

Table legend:
 A = Spawn XP
 B = Non-spawn XP
 C = Spawn XP percentage of total XP
 D = Spawn monster count
 E = Non-spawn monster count
 F = Spawn count percentage of total count
 G = Total turns spent on level
                    A         B        C        D         E        F      G
               +---------+---------+-------+---------+---------+-------+---------
         Total |       0 |     983 |   0.0 |       0 |      59 |   0.0 |  4639
               +---------+---------+-------+---------+---------+-------+---------
           D:1 |       0 |      13 |   0.0 |       0 |       8 |   0.0 |   244
           D:2 |       0 |       4 |   0.0 |       0 |       3 |   0.0 |   309
           D:3 |       0 |      24 |   0.0 |       0 |       6 |   0.0 |   559
           D:4 |       0 |     166 |   0.0 |       0 |      12 |   0.0 |  1064
           D:5 |       0 |     447 |   0.0 |       0 |      17 |   0.0 |  1267
           D:6 |       0 |     329 |   0.0 |       0 |      13 |   0.0 |  1118
               +---------+---------+-------+---------+---------+-------+---------
